 Dungeon Crawl Stone Soup version 0.32-a0-699-g1ee5eff69a (webtiles) character file.

Game seed: 13481585143865258894

1534 mopl the Carver (level 8, 0/60 HPs)
             Began as a Merfolk Fighter on Mar 13, 2024.
             Was a Follower of Okawaru.
             Slain by Pikel
             ... wielding a +2 whip of electrocution
              (7 damage)
             ... on level 6 of the Dungeon.
             The game lasted 00:08:18 (5163 turns).

mopl the Carver (Merfolk Fighter)                   Turns: 5163, Time: 00:08:18

Health: 0/60       AC: 12    Str: 18    XL:     8   Next: 86%
Magic:  9/11       EV:  9    Int:  8    God:    Okawaru [*.....]
Gold:   327        SH: 10    Dex: 13    Spells: 7/7 levels left

rFire   . . .        a - +3 long sword
rCold   . . .        c - +0 buckler
rNeg    . . .        s - +0 chain mail
rPois   .            k - +0 helmet
rElec   .            (no cloak)
rCorr   .            (no gloves)
SInv    .            (no boots)
Will    .....        m - amulet of reflection Stlth
                     (no ring)
HPRegen 0.30/turn    (no ring)
MPRegen 0.12/turn

%: reflection
@: heroic
A: (nimble swimmer 2), mertail
a: Renounce Religion, Heroism


You were on level 6 of the Dungeon.
You worshipped Okawaru.
Okawaru was aware of your devotion.
You visited 1 branch of the dungeon, and saw 6 of its levels.
You also visited: Sewer and Ossuary.

You collected 327 gold pieces.

Inventory:

Hand Weapons
 a - a +3 long sword (weapon)
Missiles
 f - 12 poisoned darts (quivered)
 t - 2 javelins
Armour
 c - a +0 buckler (worn)
 k - a +0 helmet (worn)
 s - a +0 chain mail (worn)
 y - a +0 plate armour
Jewellery
 m - an amulet of reflection (around neck)
 H - an amulet of the acrobat
Wands
 b - a wand of flame (18)
 C - a wand of warping (4)
 E - a wand of charming (15)
Scrolls
 e - 2 scrolls of fog {unknown}
 j - 8 scrolls of identify {unknown}
 l - 2 scrolls of torment {unknown}
 o - 2 scrolls of revelation {unknown}
 q - a scroll of silence {unknown}
 v - 2 scrolls of immolation {unknown}
 w - 2 scrolls of poison {unknown}
 z - a scroll of amnesia {unknown}
 A - 2 scrolls of teleportation {unknown}
 B - a scroll of noise {unknown}
 F - a scroll of fear {unknown}
 G - a scroll of blinking {unknown}
Potions
 d - a potion of might
 g - 2 potions of brilliance {unknown}
 h - 2 potions of invisibility {unknown}
 i - a potion of enlightenment {unknown}
 n - 4 potions of heal wounds {unknown}
 p - 2 potions of haste {unknown}
 r - a potion of cancellation {unknown}
 u - 2 potions of curing {unknown}
 x - 2 potions of lignification {unknown}
 D - a potion of attraction {unknown}


   Skills:
 + Level 3.6(8.6) Fighting
 * Level 11.3(16.3) Long Blades
 + Level 1.0(6.0) Throwing
 + Level 2.4(7.4) Armour
 + Level 1.4(6.4) Dodging
 - Level 3.0(8.0) Shields
 + Level 4.6 Invocations


You had 7 spell levels left.
You didn't know any spells.
Your spell library contained the following spells:

 Spells                   Type           Power      Damage    Failure   Level
 Cigotuvi's Dreadful Rot  Necr/Alch/Air  0%         N/A       99%         2
 Sigil of Binding         Hex            0%         N/A       100%        3
 Dimensional Bullseye     Hex/Tloc       0%         N/A       100%        4
 Dispel Undead            Necr           0%         3d6       100%        4
 Call Canine Familiar     Summ           Unusable   N/A       N/A         3
 Martyr's Knell           Necr/Summ      Unusable   N/A       N/A         4

Dungeon Overview and Level Annotations

Branches:
Dungeon (6/15)             Temple (0/1) D:6           Sewer (visited)
Ossuary (visited)

Altars:
Cheibriados
Okawaru

Shops:
D:5 (

Annotations:
D:6 Pikel


Innate Abilities, Weirdness & Mutations

((You are very nimble when in or above water. (Stealth+, EV+, Speed+++)))
Your lower body shifts to a powerful aquatic tail in water.


Message History

Pikel is moderately wounded.
Pikel hits you with a +2 whip of electrocution!
* * * LOW HITPOINT WARNING * * *
You block the lemure's attack.
You hit Pikel but do no damage.
Pikel is moderately wounded.
Unknown command.
The lemure hits you but does no damage.
Aiming: Warp Space
Press: ? - help, Shift-Dir - straight line, f - Pikel
Aim: Pikel, wielding a +2 whip of electrocution and wearing a +0 robe (moderately wounded)
Okay, then.
Aiming: Warp Space
Press: ? - help, Shift-Dir - straight line, f/p - Pikel
Aim: Pikel, wielding a +2 whip of electrocution and wearing a +0 robe (moderately wounded) Space twists violently!
The rupture engulfs Pikel!
Pikel blinks!
Pikel is heavily wounded.
The rupture engulfs you.
You blink.
* * * LOW HITPOINT WARNING * * *
The rupture engulfs the lemure!
The lemure is heavily wounded.
You hear a shout!
You gain the combat prowess of a mighty hero.
Aiming: Warp Space
Press: ? - help, Shift-Dir - straight line, f/p - Pikel
Aim: Pikel, wielding a +2 whip of electrocution and wearing a +0 robe (heavily wounded) Space twists violently!
The rupture engulfs Pikel!
Pikel is severely wounded.
You hear a shout!
The lemure hits you but does no damage.
Unknown command.
You hit Pikel.
Pikel is almost dead.
You block the lemure's attack. Pikel hits you but does no damage.
You closely miss Pikel.
Pikel is almost dead.
You block the lemure's attack.
Pikel hits you with a +2 whip of electrocution!
You die...
Pikel says, "Another soul for the market."

#......K.................#
#........................#
#......>.................#
....##'#################'###
. #............#..........
#........<...#..........
#........)...'..........
+.....K5.....#..........
#......@.....#..........
#............#..........
#............#..........
########################


You could see Pikel and a lemure.

Vanquished Creatures
  Menkaure (D:5)
  An ogre (D:5)
  A lemure (D:5)
  A phantom (D:4)
  2 scorpions
  4 wights (Ossuary)
  A burial acolyte (Ossuary)
  A howler monkey (D:5)
  5 jellies
  2 gnoll boudas
  3 hounds
  An orc priest (D:4)
  2 iguanas
  3 orc wizards
  Robin (D:2)
  10 adders
  9 gnolls
  A river rat (D:3)
  A white imp (D:5)
  4 adder skeletons (Ossuary)
  3 dart slugs
  3 ribbon worms
  15 orcs
  6 bats
  14 endoplasms
  10 giant cockroaches
  16 goblins
  18 hobgoblins
  8 jackals
  3 quokkas
  5 ball pythons
  3 ball python skeletons (Ossuary)
  7 frilled lizards
  6 kobolds
  2 orc skeletons (Ossuary)
  5 rats
178 creatures vanquished.

Notes
Turn   | Place    | Note
-------+----------+-------------------------------------------
     0 | D:1      | mopl the Merfolk Fighter began the quest for the Orb.
     0 | D:1      | Reached XP level 1. HP: 18/18 MP: 1/1
    69 | D:1      | Reached skill level 3 in Long Blades
    74 | D:1      | Reached XP level 2. HP: 12/24 MP: 2/2
   317 | D:1      | Reached skill level 4 in Long Blades
   338 | D:1      | Reached XP level 3. HP: 27/29 MP: 3/3
   701 | D:2      | Reached skill level 5 in Long Blades
   737 | D:2      | Reached XP level 4. HP: 35/35 MP: 4/4
  1113 | D:2      | Noticed Robin
  1165 | D:2      | Killed Robin
  1170 | D:2      | Reached skill level 6 in Long Blades
  1286 | D:2      | Reached XP level 5. HP: 41/41 MP: 5/5
  1415 | D:3      | Found a glowing drain.
  1463 | Sewer    | Entered a sewer
  1681 | Sewer    | Reached skill level 7 in Long Blades
  1687 | Sewer    | Reached XP level 6. HP: 37/47 MP: 6/6
  1726 | Sewer    | Found a viscous altar of Jiyva.
  1931 | D:3      | Reached skill level 8 in Long Blades
  2038 | D:3      | Found a faded altar of an unknown god.
  2381 | D:4      | Found an iron altar of Okawaru.
  2391 | D:4      | Became a worshipper of Warmaster Okawaru
  2581 | D:4      | Reached skill level 1 in Invocations
  2581 | D:4      | Reached XP level 7. HP: 39/52 MP: 7/7
  2621 | D:4      | Reached skill level 9 in Long Blades
  2979 | D:5      | Entered Level 5 of the Dungeon
  3142 | D:5      | Reached skill level 2 in Invocations
  3175 | D:5      | Found a sand-covered staircase.
  3180 | Ossuary  | Entered an ossuary
  3395 | Ossuary  | Reached skill level 10 in Long Blades
  3395 | Ossuary  | Reached skill level 3 in Invocations
  3482 | Ossuary  | Reached XP level 8. HP: 39/58 MP: 10/10
  3568 | Ossuary  | Reached * piety under Okawaru
  3968 | D:5      | Noticed Menkaure
  3977 | D:5      | Killed Menkaure
  4121 | D:5      | Reached skill level 11 in Long Blades
  4121 | D:5      | Reached skill level 4 in Invocations
  4371 | D:5      | Found a snail-covered altar of Cheibriados.
  4425 | D:5      | Found Bul Ewis's Weapon Shoppe.
  4615 | D:4      | Reached skill level 1 in Dodging
  4651 | D:5      | Reached skill level 1 in Throwing
  5035 | D:6      | Found a staircase to the Ecumenical Temple.
  5078 | D:6      | Noticed Pikel
  5163 | D:6      | Slain by Pikel

Illustrated notes

Levels and vault maps discovered:
D:1:      eino_arrival_water_star, layout_basic, minivault_24
D:2:      layout_basic, minmay_tromino_v2, uniq_robin
D:3:      layout_rooms, ebering_ecumenical_altar_abandoned,
          portal_sewer_entry_a, minmay_statues_item
D:4:      layout_basic, mainiacjoe_overflow_cross_hatched
D:5:      layout_gridville, slow_altar_2, nicolae_ossuary_entry_plus,
          serial_shops, nicolae_stop_n_shop_2, grunt_ministairs_6, uniq_menkaure
D:6:      layout_gridville, temple_green, uniq_pikel

Skill      XL: |  1  2  3  4  5  6  7  8 |
---------------+-------------------------+-----
Long Blades    | 3 4 5 6 7 8 10 11 | 11.3
Invocations    | 1 3 4 |  4.6
Dodging        | 1 |  1.4
Throwing       | 1 |  1.0
Fighting       | |  3.6
Armour         | |  2.4
Shields        | |  3.0

Action                     |  1- 3 |  4- 6 |  7- 9 || total
---------------------------+-------+-------+-------++-------
  Melee: Long sword        |   124 |   319 |   277 ||   720
         Tailslap          |       |     8 |       ||     8
  Throw: Dart              |       |       |     2 ||     2
 Invoke: Heroism           |       |       |     1 ||     1
  Evoke: Wand              |       |       |     7 ||     7
 Armour: Scale mail        |   101 |   124 |       ||   225
         Chain mail        |       |    68 |   189 ||   257
  Dodge: Dodged            |    41 |   100 |    60 ||   201
  Block: Buckler           |    26 |   128 |   108 ||   262
         Reflection        |       |       |     2 ||     2

Table legend: (Time is in decaauts)
 A = Elapsed time spent in this place.
 B = Non-inter-level travel time spent in this place.
 C = Inter-level travel time spent in this place.
 D = Time resting spent in this place.
 E = Time spent auto-exploring this place.
 F = Levels seen in this place.
 G = Mean time per level.
                   A        B        C        D        E       F      G
               +--------+--------+--------+--------+--------+-----+--------+
         Total |   5168 |   5055 |    113 |    977 |   2307 |   8 |  646.0 |
       Dungeon |   4231 |   4118 |    113 |    708 |   2090 |   6 |  705.2 |
         Sewer |    365 |    365 |      0 |     77 |     67 |   1 |  365.0 |
       Ossuary |    570 |    570 |      0 |    192 |    150 |   1 |  570.0 |
               +--------+--------+--------+--------+--------+-----+--------+

Top non-repeatable levels by time:
     D:5: 1187 daAuts
     D:4: 860 daAuts
     D:2: 800 daAuts
     D:1: 594 daAuts
 Ossuary: 570 daAuts
     D:3: 454 daAuts
   Sewer: 365 daAuts
     D:6: 335 daAuts
